 Dungeon Crawl Stone Soup version 0.29.0-4-gdea44cf6ec (webtiles) character file.

Game seed: 12876214734842230565

99 qw the Chopper (level 4, -1/42 HPs)
             Began as a Gargoyle Berserker on Sept 7, 2022.
             Was a Believer of Trog.
             Slain by an orc wizard
             ... wielding a +0 dagger
              (3 damage)
             ... on level 2 of the Dungeon.
             The game lasted 00:00:42 (2071 turns).

qw the Chopper (Gargoyle Berserker)                 Turns: 2071, Time: 00:00:42

Health: -1/42      AC: 10    Str: 23    XL:     4   Next: 72%
Magic:  4/4        EV:  8    Int:  7    God:    Trog [**....]
Gold:   11         SH:  7    Dex:  9    Spells: 3/3 levels left

rFire   . . .      SeeInvis .   Y - +0 hand axe
rCold   + . .      Faith    .   j - +0 kite shield
rNeg    + . .      Spirit   .   i - +0 scale mail
rPois   inf        Reflect  .   (no helmet)
rElec   +          Harm     .   (no cloak)
rCorr   .          Rampage  .   (no gloves)
Will    .....                   (no boots)
Stlth   ..........              (no amulet)
HPRegen 0.14/turn               l - ring of protection from cold
MPRegen 0.09/turn               (no ring)

@: berserking, very quick
A: sickness immunity, AC +3, negative energy resistance 1, electricity
resistance, torment resistance 1, petrification resistance
a: Renounce Religion, Berserk, Trog's Hand


You were on level 2 of the Dungeon.
You worshipped Trog.
Trog was pleased with you.
You visited 1 branch of the dungeon, and saw 2 of its levels.

You collected 11 gold pieces.


Innate Abilities, Weirdness & Mutations

You are immune to sickness and miasma.
Your stone body is resilient. (AC +3)
You are immune to poison.
You resist negative energy. (rN+)
You are resistant to electric shocks. (rElec)
You are resistant to unholy torment.
You are immune to petrification.


   Skills:
 - Level 3.2 Fighting
 - Level 4.0 Axes
 - Level 2.1 Armour
 - Level 1.5 Dodging
 + Level 3.0 Shields


You had 3 spell levels left.
You didn't know any spells.
Your spell library was empty.

Inventory:

Hand Weapons
 b - a +0 whip of freezing
 Y - a +0 hand axe (weapon)
Armour
 e - a +0 pair of boots
 i - a +0 scale mail (worn)
 j - a +0 kite shield (worn)
Jewellery
 a - a ring of resist corrosion
 l - a ring of protection from cold (left hand)
Scrolls
 d - 2 scrolls of identify
Potions
 c - a potion of mutation {unknown}
 f - a potion of magic {unknown}
 g - a potion of brilliance {unknown}
 k - a potion of flight {unknown}
 m - a potion of curing {unknown}

Dungeon Overview and Level Annotations

Branches:
Dungeon (2/15)

Altars:
Ru


Message History

Trog accepts your kill.
You hit something. You hit the orc but do no damage.
You block something's attack. You block the orc's attack.
Your Shields skill increases to level 3!
You hit the orc.
The orc is lightly wounded.
You hit something. Something hits you but does no damage.
You block the orc's attack.
You completely miss the orc.
The orc is lightly wounded.
You barely miss something. You hit the kobold but do no damage.
Something hits you but does no damage. The kobold closely misses you.
You block the orc's attack. Something hits you but does no damage.
You block the orc's attack. You block the kobold's attack.
You hit the orc.
The orc is almost dead.
You closely miss something. You hit the kobold but do no damage.
The kobold hits you but does no damage. Something hits you but does no damage.
The orc hits you with a +0 vorpal war axe!
You hit the orc but do no damage.
The orc is almost dead.
You hit the kobold. You hit something.
The kobold hits you with a +0 short sword.
You hear some strange, mumbled words.
A magic dart appears from out of thin air!
The magic dart hits you. The orc closely misses you.
2070 ||| INVOKING Berserk.
A red film seems to cover your vision as you go berserk!
You feel yourself moving faster!
You feel mighty! The orc barely misses you.
The kobold hits you with a +0 short sword.
You completely miss the orc.
The orc is almost dead.
You hit the kobold.
You kill the kobold!
Trog accepts your kill.
You slash something!
The orc hits you with a +0 vorpal war axe.
Something hits you.
You die...

.... .... #####
..... #...# .....
#...# ...... #...#
......######...#
......))##.....#
#@...#...#
.....wo{####...#
......### #...#
...... ##..%####
..... ##..#....#
..... #..##....#
.... ##.###....#
#########..###....#
. #...............#


You could see a dart slug and an orc.

Vanquished Creatures
  4 gnolls (D:2)
  An adder (D:2)
  2 dart slugs (D:1)
  An orc (D:2)
  2 ball pythons (D:1)
  4 endoplasms
  2 giant cockroaches (D:1)
  7 goblins
  2 hobgoblins
  4 jackals (D:1)
  5 quokkas
  3 bats
  4 kobolds
  3 rats (D:1)
44 creatures vanquished.

Notes
Turn   | Place    | Note
-------+----------+-------------------------------------------
     0 | D:1      | qw the Gargoyle Berserker began the quest for the Orb.
     0 | D:1      | Reached XP level 1. HP: 14/14 MP: 1/1
     0 | D:1      | 0 ||| qw: Version: 0.1-a-108-g9e35731
     0 | D:1      | 0 ||| qw: Game counter: 6511
     0 | D:1      | 0 ||| qw: Always use a shield: true
     0 | D:1      | 0 ||| qw: Do Orc after D:15 true
     0 | D:1      | 0 ||| qw: Do second Lair branch before Depths: true
     0 | D:1      | 0 ||| qw: Lair rune preference: random
     0 | D:1      | 0 ||| qw: Plans: Normal
     0 | D:1      | 0 ||| PLANNING D:1-11
    29 | D:1      | 29 ||| Stepping ~*~*~tactically~*~*~ (stealth).
    78 | D:1      | Reached skill level 3 in Axes
    94 | D:1      | 94 ||| Stepping ~*~*~tactically~*~*~ (stealth).
    95 | D:1      | 95 ||| Stepping ~*~*~tactically~*~*~ (stealth).
   103 | D:1      | Reached XP level 2. HP: 17/19 MP: 2/2
   549 | D:1      | Found a faded altar of an unknown god.
   637 | D:1      | 637 ||| Stepping ~*~*~tactically~*~*~ (stealth).
   643 | D:1      | 643 ||| Stepping ~*~*~tactically~*~*~ (stealth).
   644 | D:1      | 644 ||| Stepping ~*~*~tactically~*~*~ (stealth).
   825 | D:1      | Reached XP level 3. HP: 20/23 MP: 3/3
  1045 | D:1      | Reached ** piety under Trog
  1438 | D:1      | Reached skill level 4 in Axes
  1484 | D:1      | 1484 ||| UPGRADING to +0 scale mail.
  1494 | D:1      | 1494 ||| DROPPING +0 animal skin.
  1495 | D:1      | 1495 ||| UPGRADING to +0 kite shield.
  1500 | D:1      | 1500 ||| UPGRADING to ring of protection from cold.
  1501 | D:1      | 1501 ||| READING scroll labelled ZIRRAPNEONN.
  1502 | D:1      | 1502 ||| READING scroll labelled OWOOH BAYVIN.
  1503 | D:1      | 1503 ||| READING scroll labelled UTUTZI RAICH.
  1550 | D:1      | 1550 ||| READING scroll labelled KOGHOIC AZUICAUF.
  1551 | D:1      | 1551 ||| READING scroll labelled NIL MEROPPUUB.
  1604 | D:2      | 1604 ||| STAIRDANCE
  1706 | D:2      | 1706 ||| Stepping ~*~*~tactically~*~*~ (hiding).
  1709 | D:2      | 1709 ||| INVOKING Berserk.
  1713 | D:2      | Reached skill level 1 in Shields
  1716 | D:2      | Reached XP level 4. HP: 28/28 MP: 4/4
  1937 | D:2      | 1937 ||| DROPPING +0 club.
  1961 | D:2      | Found a sacrificial altar of Ru.
  2013 | D:2      | 2013 ||| Stepping ~*~*~tactically~*~*~ (stealth).
  2057 | D:2      | 2057 ||| Stepping ~*~*~tactically~*~*~ (stealth).
  2059 | D:2      | 2059 ||| Stepping ~*~*~tactically~*~*~ (stealth).
  2066 | D:2      | Reached skill level 3 in Shields
  2069 | D:2      | HP: 6/28 [something/magic dart (6)]
  2070 | D:2      | 2070 ||| INVOKING Berserk.
  2071 | D:2      | HP: 2/42 [orc/+0 vorpal war axe (1)]
  2071 | D:2      | Slain by an orc wizard

Levels and vault maps discovered:
D:1:      dpeg_arrival_tiny_i, layout_loops_corners, basic_ecumenical_altar
D:2:      layout_rooms, basic_altar

Skill      XL: |  1  2  3  4 |
---------------+-------------+-----
Axes           | 3 4 |  4.0
Shields        | 1 3 |  3.0
Fighting       | |  3.2
Armour         | |  2.1
Dodging        | |  1.5

Action                   |  1- 3 |  4- 6 || total
-------------------------+-------+-------++-------
Melee: Hand axe          |   110 |    37 ||   147
Invok: Berserk           |     1 |     1 ||     2
  Use: Scroll            |     5 |       ||     5
Armor: Animal skin       |    36 |       ||    36
       Scale mail        |    10 |    16 ||    26
Dodge: Dodged            |    47 |    11 ||    58
Block: Kite shield       |     6 |    20 ||    26

Table legend:
 A = Non-vault XP
 B = Vault XP
 C = Vault XP percentage of total XP
 D = Non-vault monster count
 E = Vault monster count
 F = Vault count percentage of total count
                 A         B        C        D         E       F
            +---------+---------+-------+---------+---------+-------
      Total |     144 |       0 |   0.0 |      44 |       0 |   0.0
            +---------+---------+-------+---------+---------+-------
        D:1 |      54 |       0 |   0.0 |      29 |       0 |   0.0
        D:2 |      90 |       0 |   0.0 |      15 |       0 |   0.0
            +---------+---------+-------+---------+---------+-------
